Map: Magannatha LE

Players

ManlyManMeat

  • Race: Zerg Zerg
  • League: Diamond
  • Spawn Location: 5:00

Sakhastan - Winner!

  • Race: Terran Terran
  • League: Diamond
  • Spawn Location: 11:00

VOD

Have the link to the VOD?

Description

Time

  • Played on: July 2, 2025, 10:09 a.m.
  • Length: 17:13
Show
View Real Time Build Order
Export as new Build Order

ManlyManMeat Zerg 

Build Orders: Hatch First 

Get SALT Encoding   

  12  0:02  Drone  
  13  0:09  Drone  
  13  0:13  Extractor  
  13  0:15  Drone  
  15  0:23  Overlord  
  15  0:42  Drone  
  16  0:47  Hatchery  
  15  0:51  Drone  
  15  0:54  Drone  
  17  0:59  Drone  
  18  1:09  Extractor  
  17  1:15  Spawning Pool  
  17  1:18  Drone  
  17  1:21  Drone  
  18  1:28  Drone  
  19  1:41  Drone  
  20  2:04  Queen  
  20  2:05  Zergling x2, Queen  
  20  2:06  Zergling x2  
  26  2:09  Overlord  
  26  2:19  Drone x2  
  28  2:25  Metabolic Boost  
  28  2:33  Drone x3  
  28  2:35  Drone  
  32  2:53  Overlord  
  32  3:01  Drone x2  
  32  3:02  Drone  
  35  3:09  Baneling Nest  
  35  3:11  Drone x2  
  36  3:13  Hatchery  
  35  3:24  Drone  
  35  3:25  Drone  
  35  3:26  Drone x2  
  39  3:28  Queen  
  41  3:39  Zergling x4  
  41  3:40  Overlord x2  
  41  3:52  Zergling x4  
  36  4:05  Drone x3  
  36  4:06  Drone x2  
  41  4:13  Queen  
  43  4:21  Drone x3  
  43  4:22  Extractor  
  45  4:24  Evolution Chamber  
  44  4:37  Queen  
  46  4:44  Drone x3  
  49  4:46  Drone x5  
  49  4:47  Drone x3  
  49  4:52  Lair  
  57  4:53  Roach Warren  
  56  5:08  Extractor  
  56  5:09  Extractor  
  56  5:10  Drone x3  
  56  5:11  Drone x4  
  56  5:12  Drone x2  
  63  5:24  Overlord x2  
  63  5:25  Overlord  
  63  5:35  Zerg Missile Weapons Level 1  
  63  5:40  Evolution Chamber  
  62  5:59  Roach x3  
  62  6:00  Roach x7  
  62  6:02  Overlord x4  
  82  6:07  Zerg Ground Armor Level 1  
  82  6:13  Overseer  
  82  6:16  Glial Reconstitution  
  82  6:25  Overseer  
  82  6:43  Roach x5  
  82  6:44  Infestation Pit  
  82  6:45  Zergling x16  
  99  7:06  Burrow  
  99  7:21  Hatchery  
  94  7:24  Overlord  
  94  7:25  Overlord x2  
  94  7:49  Roach x10  
  114  7:56  Overlord x2  
  109  8:17  Infestor x2  
  109  8:18  Infestor, Roach x5  
  109  8:19  Overlord x3, Roach x2  
  129  8:20  Overlord x3  
  129  8:30  Zerg Ground Armor Level 2  
  129  8:34  Drone  
  129  8:39  Ravager  
  129  8:41  Baneling x2  
  131  8:47  Extractor  
  131  8:48  Extractor  
  129  8:49  Zergling x10  
  129  8:50  Zergling x12  
  140  9:01  Hatchery  
  139  9:10  Roach x8  
  155  9:25  Zergling x18  
  163  9:41  Neural Parasite  
  139  10:07  Infestor x2  
  139  10:08  Infestor, Roach  
  139  10:09  Roach x4  
  139  10:10  Drone x3  
  139  10:11  Drone x3  
  161  10:20  Zergling x6  
  161  10:21  Zergling x4  
  165  10:22  Zergling x4  
  165  10:25  Zerg Missile Weapons Level 2, Extractor  
  167  10:30  Extractor  
  167  10:32  Ravager  
  167  10:33  Ravager  
  155  11:03  Roach x12  
  173  11:15  Drone  
  173  11:16  Drone x3  
  173  11:17  Drone x3  
  176  11:29  Roach x4  
  114  11:54  Zergling x2, Roach  
  114  11:58  Roach x8  
  109  12:16  Zergling x2  
  109  12:17  Zergling x18  
  119  12:26  Roach x3  
  125  12:31  Drone x3  
  128  12:45  Roach x4  
  128  12:50  Zergling x2  
  128  12:51  Roach x2  
  141  12:55  Roach x2  
  131  13:24  Hive  
  131  13:25  Roach x10  
  151  13:38  Zergling x2  
  151  13:39  Zergling x2  
  153  13:43  Roach x7  
  165  14:00  Roach x3  
  171  14:17  Roach x6  
  171  14:20  Hatchery  
  182  14:26  Overlord x3  
  169  14:50  Roach  
  169  14:51  Roach x10  
  191  15:08  Ravager x7  
  198  15:28  Hatchery  
  198  15:35  Drone x2  
  171  15:44  Infestor x2  
  171  15:45  Roach  
  171  15:46  Roach x9  
  194  16:06  Roach x3  
  200  16:15  Roach x5  
  200  16:22  Ultralisk Cavern  
Show
View Real Time Build Order
Export as new Build Order

Sakhastan Terran - Winner!

Build Orders: 2 Factory, Mech 

Get SALT Encoding   

  12  0:06  SCV  
  13  0:18  SCV  
  14  0:22  Refinery  
  14  0:25  Supply Depot  
  14  0:30  SCV  
  15  0:47  SCV  
  15  0:49  Barracks  
  16  0:59  SCV  
  17  1:11  SCV  
  18  1:23  SCV  
  19  1:37  Orbital Command  
  19  1:39  Factory  
  19  1:43  Barracks Reactor  
  19  2:03  Supply Depot, SCV  
  19  2:15  SCV  
  20  2:24  Command Center  
  20  2:32  Refinery  
  20  2:33  Hellion x2  
  20  2:35  SCV  
  25  2:42  Supply Depot  
  25  2:54  Factory  
  25  3:00  Hellion x2  
  25  3:05  SCV  
  30  3:16  Factory  
  30  3:29  SCV  
  31  3:38  Factory Tech Lab  
  31  3:39  Refinery  
  31  3:41  SCV  
  28  3:59  Hellion, SCV  
  28  4:00  Hellion, Orbital Command  
  28  4:01  Siege Tank  
  32  4:04  Factory Tech Lab  
  32  4:11  SCV  
  33  4:23  SCV  
  33  4:24  Mag-Field Accelerator  
  34  4:25  Infernal Pre-Igniter  
  34  4:27  SCV  
  35  4:32  Cyclone  
  35  4:35  SCV  
  39  4:39  SCV  
  39  4:43  Cyclone  
  43  4:47  SCV  
  43  4:51  Hellion x2, SCV  
  49  4:59  SCV  
  50  5:03  Supply Depot, SCV  
  50  5:04  Cyclone  
  54  5:18  Cyclone, SCV x2  
  54  5:19  Supply Depot  
  59  5:26  Hellion  
  59  5:27  Hellion  
  63  5:30  Supply Depot, SCV x2  
  65  5:36  Cyclone  
  68  5:43  SCV x2  
  68  5:48  Hellion x2  
  74  5:55  Cyclone, SCV x2  
  79  6:02  Refinery  
  79  6:07  SCV  
  79  6:10  SCV  
  81  6:16  Command Center  
  81  6:17  Supply Depot  
  81  6:21  Supply Depot  
  81  6:35  SCV  
  82  6:42  SCV  
  82  6:46  Factory  
  83  6:47  SCV  
  83  6:48  Factory x2  
  83  6:53  Engineering Bay  
  83  6:54  SCV  
  85  6:58  Cyclone x2  
  91  7:04  Hellion x2  
  95  7:34  Factory Tech Lab x3  
  95  7:52  Neosteel Armor  
  95  7:53  Starport, SCV  
  95  7:56  SCV  
  97  8:04  Hellion x2  
  97  8:05  Cyclone x2, SCV  
  105  8:08  SCV  
  109  8:13  Planetary Fortress  
  109  8:17  SCV  
  110  8:22  Refinery, SCV  
  110  8:23  Cyclone  
  110  8:24  Cyclone  
  117  8:28  Supply Depot  
  117  8:30  Starport Tech Lab  
  117  8:31  Cyclone, Supply Depot, SCV  
  117  8:32  Refinery  
  117  8:33  Supply Depot  
  121  8:34  SCV  
  121  8:38  Siege Tank  
  125  8:50  Hellion x2, Siege Tank  
  125  8:51  SCV  
  125  8:52  SCV  
  134  8:56  Cyclone  
  134  8:57  Hellion  
  134  8:59  SCV  
  140  9:03  Raven, SCV  
  140  9:04  Hellion, SCV  
  146  9:11  SCV  
  146  9:15  SCV  
  146  9:16  SCV  
  149  9:18  Supply Depot  
  149  9:20  Supply Depot  
  149  9:23  Supply Depot  
  149  9:40  Cyclone, SCV, Hellion x2  
  138  9:57  Cyclone x4  
  145  10:01  Hellion  
  145  10:12  Cyclone, Hellion  
  150  10:20  Factory  
  150  10:21  Factory, SCV  
  151  10:23  Hellion  
  151  10:24  Factory  
  153  10:29  Cyclone x3, Armory  
  162  10:38  Hellion  
  162  10:39  Hellion  
  166  10:44  Hellion x2  
  166  10:46  Starport  
  168  10:50  Starport  
  168  10:53  Starport  
  152  11:10  Cyclone x5  
  171  11:11  Hellion x2  
  170  11:34  Factory Tech Lab x2  
  170  11:36  Command Center  
  163  11:41  Factory Tech Lab  
  147  11:58  Hellion x3, Cyclone  
  147  11:59  Cyclone  
  150  12:20  Starport Tech Lab  
  150  12:25  Fusion Core  
  150  12:27  Starport Tech Lab x2  
  150  12:48  Planetary Fortress  
  150  12:54  Refinery, Terran Vehicle And Ship Armor Level 1  
  150  12:55  Refinery  
  144  13:18  Cyclone x4  
  144  13:19  Hellion x2  
  134  13:26  Battlecruiser x2  
  146  13:28  Battlecruiser  
  152  13:42  Battlecruiser  
  158  13:55  SCV x3  
  160  13:56  SCV  
  160  13:57  Hellion x2  
  160  13:58  Hellion x2  
  170  14:07  SCV  
  171  14:10  SCV  
  172  14:19  Command Center, Weapon Refit  
  173  14:38  Battlecruiser  
  173  14:46  Battlecruiser  
  173  14:48  Battlecruiser  
  185  14:57  Battlecruiser  
  191  15:31  Command Center  
  182  15:46  Battlecruiser  
  188  16:02  Battlecruiser x3  
Tags
 
Composition
Mech
Matchup
TvZ
Replay Pack
Myownreplay2
Spawn Locations
Cross Positions
Add a new tag
Caveats
  • Supply blocks, unpowered buildings, or Contaminate may cause inaccurate times.
  • Supply counts are checked every 10 seconds.